 Dungeon Crawl Stone Soup version 0.23-a0-644-gb60d84b (webtiles) character file.

30 Borgoz the Sneak (level 3, 15/24 HPs)
             Began as a Halfling Assassin on Jan 2, 2019.
             Quit the game on level 1 of the Dungeon.
             The game lasted 00:01:59 (586 turns).

Borgoz the Sneak (Halfling Assassin)                 Turns: 586, Time: 00:01:59

Health: 15/24      AC:  3    Str: 13    XL:     3   Next: 35%
Magic:  3/3        EV: 14    Int:  9    God:
Gold:   23         SH:  0    Dex: 15    Spells: 2/2 levels left

rFire    . . .     SeeInvis .   n - -1 dagger (curse)
rCold    . . .     Gourm    .   (shield restricted)
rNeg     . . .     Faith    .   c - +0 robe
rPois    .         Spirit   .   (no helmet)
rElec    .         Reflect  .   d - +0 cloak
rCorr    .         Harm     .   (no gloves)
MR       +....                  (no boots)
Stlth    +++.......             (no amulet)
HPRegen  0.08/turn              j - ring of protection from magic
MPRegen  0.08/turn              (no ring)

@: no status effects
A: small, mutation resistance 1
a: no special abilities


You were on level 1 of the Dungeon.
You were not hungry.

You visited 1 branch of the dungeon, and saw 1 of its levels.

You collected 23 gold pieces.

Inventory:

Hand Weapons
 a - a +2 dagger
 b - a +0 blowgun
 h - a +2 dagger of draining
 n - a cursed -1 dagger (weapon)
Missiles
 e - 8 poisoned needles
 f - 2 curare-tipped needles
Armour
 c - a +0 robe (worn)
 d - a +0 cloak (worn)
Jewellery
 j - a ring of protection from magic (left hand)
Scrolls
 i - a scroll of fear {unknown}
 m - a scroll of fog {unknown}
Potions
 k - a potion of resistance {unknown}
Comestibles
 g - 4 rations
 l - 2 chunks of flesh


   Skills:
 + Level 2.0 Fighting
 + Level 2.6 Short Blades
 + Level 2.1 Throwing
 + Level 1.2 Dodging
 + Level 5.2 Stealth


You had 2 spell levels left.
You didn't know any spells.
Your spell library was empty.

Dungeon Overview and Level Annotations

Branches:
Dungeon (1/15)

Altars:


Innate Abilities, Weirdness & Mutations

You are small and have problems with some larger weapons.
You are somewhat resistant to further mutation.


Message History

Butcher a hobgoblin corpse? [(y)es/(n)o/(a)ll/(q)uit/?]
You butcher the hobgoblin corpse.
l - a chunk of flesh
Things that are here:
a +0 club; a rat corpse; a hobgoblin skeleton You butcher the rat corpse.
l - 2 chunks of flesh (gained 1)
Things that are here:
a +0 club; a rat skeleton; a hobgoblin skeleton
m - a scroll labeled FOSYVIDIASO No target in view!
Found a dagger.
Found 22 stones.
You see here a dagger.
No target in view!
n - a dagger It sticks to your hand!
n - a cursed -1 dagger (weapon)
j - a ring of protection from magic (left hand) Are you sure you want to abandon this character and quit the game? (Confirm

. #.# .# #.### ## ##.#
.... .( ###.#.# #..# .#
.....# #..# ?# #)##.#
#..# .# #.##.######..#
.#
#.#..........####.###...
#......####.....@.......
###...)# ##.#######.#.#
##.#.# #.# #.#.# #.#
#### #.# #.# ...#.#.#
#.. ##.#.#.########
...............
.#.#.#.#######.


There were no monsters in sight!

Vanquished Creatures
  3 bats (D:1)
  2 giant cockroaches (D:1)
  3 hobgoblins (D:1)
  3 jackals (D:1)
  3 kobolds (D:1)
  2 frilled lizards (D:1)
  6 goblins (D:1)
  4 rats (D:1)
26 creatures vanquished.

Notes
Turn   | Place    | Note
-------+----------+-------------------------------------------
     0 | D:1      | Borgoz the Halfling Assassin began the quest for the Orb.
     0 | D:1      | Reached XP level 1. HP: 14/14 MP: 1/1
   102 | D:1      | Reached XP level 2. HP: 9/19 MP: 2/2
   316 | D:1      | Reached skill level 5 in Stealth
   452 | D:1      | Reached XP level 3. HP: 24/24 MP: 3/3
   586 | D:1      | Quit the game

Vault maps used:
D:1:      zaba_arrival_water

Skill      XL: |  1  2  3 |
---------------+----------+-----
Stealth        | 5 |  5.2
Fighting       | 2 |  2.0
Short Blades   | |  2.6
Throwing       | |  2.1
Dodging        | |  1.2

Action                   || total
-------------------------++-------
Melee: Dagger            ||    67
 Stab: Sleeping          ||     6
Armor: Robe              ||    11
Dodge: Dodged            ||    48

Table legend:
 A = Non-vault XP
 B = Vault XP
 C = Vault XP percentage of total XP
 D = Non-vault monster count
 E = Vault monster count
 F = Vault count percentage of total count
                 A         B        C        D         E       F
            +---------+---------+-------+---------+---------+-------
      Total |      43 |       0 |   0.0 |      26 |       0 |   0.0
            +---------+---------+-------+---------+---------+-------
        D:1 |      43 |       0 |   0.0 |      26 |       0 |   0.0
            +---------+---------+-------+---------+---------+-------
